 Dungeon Crawl Stone Soup version 0.30-a0-779-g7971cf19c3 (webtiles) character file.

Game seed: 6037543325440599207

2234 Griffin23 the Carver (level 9, -3/79 HPs)
             Began as a Minotaur Fighter on Feb 17, 2023.
             Slain by a gnoll
             ... wielding a +0 halberd
             ... led by a gnoll sergeant
              (5 damage)
             ... on level 6 of the Dungeon.
             The game lasted 00:10:44 (8313 turns).

Griffin23 the Carver (Minotaur Fighter)             Turns: 8313, Time: 00:10:44

Health: -3/79      AC: 12    Str: 20    XL:     9   Next: 14%
Magic:  8/8        EV:  8    Int:  7    God:
Gold:   338        SH:  5    Dex: 13    Spells: 8/8 levels left

rFire   . . .      SeeInvis .    a - +0 long sword
rCold   . . .      Faith    .    c - +0 buckler
rNeg    . . .      Spirit   .    f - +0 chain mail
rPois   .          Reflect  .    (helmet restricted)
rElec   .          Harm     .    w - +0 cloak
rCorr   .          Rampage  .    (no gloves)
Will    .....                    (no boots) Stlth
                                 (no amulet)
HPRegen 0.33/turn                (no ring)
MPRegen 0.11/turn                (no ring)

@: no status effects
A: horns 2, retaliatory headbutt
a: no special abilities


You were on level 6 of the Dungeon.
You visited 1 branch of the dungeon, and saw 6 of its levels.

You collected 338 gold pieces.

Inventory:

Hand Weapons
 a - a +0 long sword (weapon)
 z - a +1 heavy long sword
Armour
 c - a +0 buckler (worn)
 f - a +0 chain mail (worn)
 w - a +0 cloak (worn)
Jewellery
 h - an amulet of reflection
 p - an amulet of the acrobat
 r - a +6 ring of strength
Wands
 u - a wand of mindburst (7)
 y - a wand of iceblast (3)
Scrolls
 b - 3 scrolls of noise {unknown}
 e - 4 scrolls of identify {unknown}
 i - a scroll of enchant armour {unknown}
 l - 2 scrolls of immolation {unknown}
 n - a scroll of poison {unknown}
 q - 3 scrolls of teleportation {unknown}
 s - a scroll of fear {unknown}
 t - a scroll of amnesia {unknown}
 v - a scroll of brand weapon {unknown}
 x - a scroll of torment {unknown}
Potions
 d - 4 potions of might
 g - 4 potions of curing {unknown}
 j - a potion of lignification {unknown}
 k - a potion of degeneration {unknown}
 m - a potion of magic {unknown}
 o - 4 potions of attraction {unknown}


   Skills:
 * Level 7.1 Fighting
 * Level 9.3 Long Blades
 * Level 9.2 Armour
 - Level 1.0 Dodging
 * Level 5.7 Shields


You had 8 spell levels left.
You didn't know any spells.
Your spell library contained the following spells:

 Spells                   Type           Power      Damage    Failure   Level
 Sting                    Tmut/Pois      0%         1d3       99%         1
 Poisonous Vapours        Pois/Air       0%         N/A       100%        2
 Olgreb's Toxic Radiance  Pois           0%         N/A       100%        4


Dungeon Overview and Level Annotations

Branches:
Dungeon (6/15)
 Temple: D:4-7

Altars:
Cheibriados
Sif Muna
Vehumet

Shops:
D:5 *


Innate Abilities, Weirdness & Mutations

You have a pair of horns on your head.
You reflexively headbutt those who attack you in melee.


Message History

The steam dragon breathes steam at you. The ball of steam hits you!
You block the gnoll's attack.
The gnoll hits you from afar with a +0 spear.
You hit the steam dragon. You headbutt the steam dragon.
The steam dragon is lightly wounded.
You are engulfed in a cloud of scalding steam.
The steam dragon misses you. You furiously retaliate!
You headbutt the steam dragon! The steam dragon barely misses you.
The gnoll hits you from afar with a +0 halberd!
The gnoll hits you from afar with a +0 spear.
The gnoll sergeant hits you but does no damage.
You are too injured to fight recklessly!
You are too injured to fight recklessly!
You hit the steam dragon but do no damage.
Your headbutt misses the steam dragon.
The steam dragon is severely wounded.
The steam dragon bites you.
The steam dragon claws you but does no damage.
You block the gnoll's attack. The gnoll hits you but does no damage.
The gnoll sergeant closely misses you.
You hit the steam dragon.
You headbutt the steam dragon, but do no damage.
The steam dragon is almost dead.
The steam dragon bites you.
The steam dragon claws you but does no damage.
The gnoll barely misses you.
The gnoll hits you from afar with a +0 spear.
* * * LOW HITPOINT WARNING * * *
The gnoll sergeant hits you from afar with a +0 spear.
* * * LOW HITPOINT WARNING * * *
You closely miss the steam dragon.
You headbutt the steam dragon, but do no damage.
The steam dragon is almost dead.
You are engulfed in a cloud of scalding steam.
* * * LOW HITPOINT WARNING * * *
The steam dragon breathes steam at you. The ball of steam hits you!
* * * LOW HITPOINT WARNING * * *
The gnoll hits you from afar with a +0 halberd.
You die...

#.......#....
#.......#....
#.......#.... .
##.....###... ..###
##.†.## ##..
....##+#######'#######'
#..§§................
#...§................
#..§@................
#..##D#######'#######'
#.


#ggg# ##...## ##.. #.{gg.###.....###..† #.......#.......#....
#.......#.......#.... #...?...#...[...#...( ##.....###.....###... ##...##
##...## ##.. You could see a steam dragon (catching breath), a gnoll sergeant
and 4 gnolls.

Vanquished Creatures
  A water moccasin (D:6)
  3 ice beasts
  A black bear (D:6)
  A hornet zombie (D:6)
  A centaur (D:6)
  2 ogres
  2 phantoms (D:4)
  Blork the orc (D:5)
  A bullfrog (D:6)
  2 necrophages (D:5)
  A gnoll sergeant (D:5)
  2 scorpions
  3 hounds
  A jelly (D:6)
  4 orc priests
  2 bullfrog skeletons (D:6)
  2 centaur skeletons (D:6)
  4 orc wizards
  Ijyb (D:5)
  4 iguanas
  2 howler monkey zombies (D:6)
  10 gnolls
  3 adders
  A white imp (D:6)
  An ufetubus (D:4)
  2 worms
  4 dart slugs
  18 orcs
  5 endoplasms
  6 giant cockroaches
  8 goblins
  3 hobgoblins
  10 jackals
  3 quokkas
  7 ball pythons
  5 bats
  2 frilled lizards (D:2)
  9 kobolds
  3 rats
141 creatures vanquished.

Vanquished Creatures (others)
  2 withered plants (D:6)
2 creatures vanquished.

Grand Total: 143 creatures vanquished

Notes
Turn   | Place    | Note
-------+----------+-------------------------------------------
     0 | D:1      | Griffin23 the Minotaur Fighter began the quest for the Orb.
     0 | D:1      | Reached XP level 1. HP: 19/19 MP: 0/0
   311 | D:1      | Reached XP level 2. HP: 27/27 MP: 1/1
   862 | D:1      | Found a faded altar of an unknown god.
   962 | D:2      | Reached XP level 3. HP: 25/33 MP: 2/2
  1451 | D:2      | Found a radiant altar of Vehumet.
  1924 | D:2      | Reached XP level 4. HP: 14/40 MP: 3/3
  2838 | D:3      | Reached XP level 5. HP: 36/47 MP: 4/4
  2905 | D:3      | Reached skill level 5 in Armour
  3502 | D:4      | Noticed a phantom
  3514 | D:4      | Killed a phantom
  3515 | D:4      | Reached skill level 5 in Long Blades
  3515 | D:4      | Reached XP level 6. HP: 40/55 MP: 5/5
  3578 | D:4      | Found a snail-covered altar of Cheibriados.
  3586 | D:4      | Reached skill level 5 in Fighting
  4277 | D:4      | Reached skill level 1 in Dodging
  4500 | D:5      | Entered Level 5 of the Dungeon
  4513 | D:4      | Reached XP level 7. HP: 48/61 MP: 6/6
  4825 | D:5      | Found Buekk's General Store.
  4850 | D:5      | HP: 3/61 [gnoll/+0 flail[a gnoll sergeant] (4)]
  6027 | D:5      | Identified the +1 robe of the Forsaken Mice {rF+++ Will+
                  | Int-3}
  6084 | D:5      | Noticed Ijyb
  6095 | D:5      | Killed Ijyb
  6348 | D:5      | Reached XP level 8. HP: 56/70 MP: 7/7
  6403 | D:5      | Found a shimmering blue altar of Sif Muna.
  6411 | D:5      | Reached skill level 5 in Shields
  6868 | D:5      | Noticed Blork the orc
  6879 | D:5      | Killed Blork the orc
  7982 | D:6      | Found a radiant altar of Vehumet.
  8105 | D:6      | Reached XP level 9. HP: 70/78 MP: 8/8
  8313 | D:6      | HP: 2/79 [steam dragon/ball of steam (12)]
  8313 | D:6      | Slain by a gnoll

Illustrated notes

Levels and vault maps discovered:
D:1:      saegor_arrival_fortress, layout_basic,
          shapermc_ecumenical_altar_hornbeckon, minmay_misc_feat_rugged
D:2:      layout_basic, basic_altar
D:3:      layout_loops_cross, kennysheep_generic_room_15
D:4:      layout_loops_ring, mainiacjoe_overflow_catwalk
D:5:      layout_loops_ring, old_standard_altar, serial_shops, shop,
          uniq_blork_the_orc, uniq_ijyb
D:6:      kennysheep_six_static_rooms, layout_basic, marbit_many_paths,
          minmay_temple_entry_from_below_a, serial_undead, serial_undead_e,
          serial_undead_a, serial_undead_c, serial_undead_d, serial_undead_a,
          uniq_edmund

Skill      XL: |  1  2  3  4  5  6  7  8  9 |
---------------+----------------------------+-----
Fighting       | 4 5 6 7 |  7.1
Armour         | 4 5 6 7 9 |  9.2
Long Blades    | 3 4 5 7 9 |  9.3
Shields        | 4 5 |  5.7
Dodging        | 1 |  1.0

Action                     |  1- 3 |  4- 6 |  7- 9 || total
---------------------------+-------+-------+-------++-------
  Melee: Long sword        |   106 |   133 |   258 ||   497
         Headbutt          |    12 |    24 |    47 ||    83
    Use: Potion            |       |       |     1 ||     1
 Armour: Scale mail        |    11 |       |       ||    11
         Chain mail        |    62 |    97 |   141 ||   300
  Dodge: Dodged            |    38 |    56 |   110 ||   204
  Block: Buckler           |    24 |    33 |    63 ||   120

Table legend: (Time is in decaauts)
 A = Elapsed time spent in this place.
 B = Non-inter-level travel time spent in this place.
 C = Inter-level travel time spent in this place.
 D = Time resting spent in this place.
 E = Time spent auto-exploring this place.
 F = Levels seen in this place.
 G = Mean time per level.
                   A        B        C        D        E       F      G
               +--------+--------+--------+--------+--------+-----+--------+
         Total |   8408 |   8189 |    219 |   3312 |   3627 |   6 | 1401.3 |
       Dungeon |   8408 |   8189 |    219 |   3312 |   3627 |   6 | 1401.3 |
               +--------+--------+--------+--------+--------+-----+--------+

Top non-repeatable levels by time:
     D:4: 2356 daAuts
     D:5: 1790 daAuts
     D:3: 1399 daAuts
     D:2: 1294 daAuts
     D:1: 901 daAuts
     D:6: 666 daAuts
